 Dungeon Crawl Stone Soup version 0.13.0-25-g43d4df3 (webtiles) character file.

6727 Bloax the Basher (level 10, -3/111 HPs)
             Began as an Ogre Berserker on Oct 27, 2013.
             Was an Elder of Trog.
             Slain by an orc warrior
             ... wielding a +0,+1 orcish short sword
              (11 damage)
             ... on Level 10 of the Dungeon.
             The game lasted 00:13:50 (4402 turns).

Bloax the Basher (Ogre Berserker)                   Turns: 4402, Time: 00:13:50

HP  -3/111       AC  6     Str 27      XL: 10   Next: 99%
MP   9/9         EV 10     Int  6      God: Trog [****..]
Gold 285         SH  0     Dex  9      Spells:  0 memorised,  9 levels left

Res.Fire  : + . .   See Invis. : .   A - +2,+3 giant club
Res.Cold  : . . .   Warding    : .   j - +0 robe
Life Prot.: . . .   Conserve   : +   (shield restricted)
Res.Poison: .       Res.Corr.  : +   (helmet restricted)
Res.Elec. : .       Clarity    : .   I - +2 cloak {rCorr, Cons} (curse)
Sust.Abil.: . .     Spirit.Shd : .   (gloves unavailable)
Res.Mut.  : .       Stasis     : .   (boots unavailable)
Res.Rott. : .       Flight     : .   (no amulet)
Saprovore : + . .                    r - ring of regeneration
                                     k - ring of protection from fire

@: regenerating (expiring), exhausted, slowed, very slow, very resistant to
hostile enchantments, very unstealthy
A: unfitting armour, fast metabolism 1, saprovore 1, tough skin 1
a: Burn Spellbooks, Berserk, Trog's Hand, Brothers in Arms, Renounce Religion


You were on level 10 of the Dungeon.
You worshipped Trog.
Trog was greatly pleased with you.
You were very hungry.

You visited 2 branches of the dungeon, and saw 11 of its levels.

You collected 402 gold pieces.
You spent 137 gold pieces at shops.


Innate Abilities, Weirdness & Mutations

You are too large for most types of armour.
You have a fast metabolism.
You can tolerate rotten meat.
You have tough skin (AC +1).


   Skills:
 + Level 14.7 Fighting
 + Level 14.7 Maces & Flails
 - Level 2.9 Dodging


You had 9 spell levels left.
You didn't know any spells.

Dungeon Overview and Level Annotations

Branches:
Dungeon (10/27)            Temple (1/1) D:5             Orc (0/4) D:8
   Lair: D:8-13

Altars:
Ashenzari
Cheibriados
Elyvilon
Fedhas
Kikubaaqudgha
Makhleb
Nemelex Xobeh
Okawaru
Sif Muna
Trog
Vehumet
Xom
Yredelemnul
Zin
the Shining One

Shops:
D:9 *

Inventory:

Hand weapons
 A - a +2,+3 giant club (weapon)
   (You took it off an ogre on level 5 of the Dungeon)
Armour
 j - a +0 robe (worn)
   (You found it on level 2 of the Dungeon)
 w - a +0 troll hide
   (You found it on level 10 of the Dungeon)
 I - a cursed +2 cloak of preservation (worn)
   (You took it off Maurice on level 8 of the Dungeon)
Magical devices
 a - a wand of flame (14)
   (You found it on level 3 of the Dungeon)
 E - a wand of draining (8)
   (You found it on level 7 of the Dungeon)
 F - a wand of disintegration (12)
   (You took it off Joseph on level 10 of the Dungeon)
 K - a wand of paralysis (13) {unknown}
   (You took it off Erolcha on level 10 of the Dungeon)
Comestibles
 c - 7 meat rations
 h - a choko
 o - 5 bread rations
 s - a beef jerky
 u - 2 rotting chunks of troll flesh {@*1}
Scrolls
 b - a scroll of fear
 e - 2 scrolls of enchant weapon I
 g - a scroll of magic mapping
 i - a scroll of curse jewellery {!r}
 n - 10 scrolls of remove curse
 p - 7 scrolls of teleportation
 q - 2 scrolls of identify
 t - 3 scrolls of curse weapon {!r}
 x - a scroll of enchant weapon II
 y - a scroll of fog
Jewellery
 k - a ring of protection from fire (left hand)
   (You found it on level 6 of the Dungeon)
 r - a ring of regeneration (right hand)
   (You found it on level 7 of the Dungeon)
Potions
 d - 4 potions of heal wounds
 l - 4 potions of curing
 m - a potion of berserk rage
 z - a potion of might
 B - a potion of resistance
 C - a potion of flight {unknown}
 D - a potion of poison {unknown}
 G - a potion of brilliance {unknown}
 H - a potion of agility {unknown}
 J - a potion of speed
 L - 3 potions of restore abilities
Books
 f - a book of the Earth
   (You found it on level 6 of the Dungeon)

   Spells                             Type                      Level
   Dig                                Earth                        4
   Leda's Liquefaction                Hexes/Earth                  4
   Bolt of Magma                      Conjuration/Fire/Earth       5
   Statue Form                        Transmutation/Earth          6
   Iron Shot                          Conjuration/Earth            6
   Shatter                            Earth                        9
   Trog disapproves of the use of such an item.
 v - a book of Transfigurations
   (You found it on level 5 of the Dungeon)

   Spells                             Type                      Level
   Stoneskin                          Transmutation/Earth          2
   Polymorph                          Hexes/Transmutation          4
   Ice Form                           Ice/Transmutation            4
   Statue Form                        Transmutation/Earth          6
   Dragon Form                        Transmutation                7
   Trog disapproves of the use of such an item.

#.# #..# #...# #.#
#..###...### ..#
#........... #o#
#........... #.#
#..###...>.. #.# #..#
#?..... #.# #..# #......
#o#####..# #......
#.#####@o......###......
#.......................
#........)###........###
#.#####...# #........#
#...# #........ #...#
#........ #...# #.O.....
#...# #........ #...#
#........###


You could see an orc warrior, an orc wizard and an orc.


Message History

* * * LOW HITPOINT WARNING * * *
The orc hits you but does no damage.
You hit the orc warrior but do no damage.
The orc wizard mumbles some strange words.
The orc wizard blinks!
The orc warrior hits you but does no damage.
The orc misses you.
Unknown command.
Unknown command.
You closely miss the orc warrior.
The orc wizard gestures wildly while chanting.
The orc wizard seems to speed up.
The orc warrior hits you with an orcish short sword!
* * * LOW HITPOINT WARNING * * *
The orc closely misses you.
The orc wizard casts a spell.
The orc wizard blinks!
The orc warrior hits you with an orcish short sword!
* * * LOW HITPOINT WARNING * * *
Unknown command.
You sock the orc warrior!
The orc warrior is heavily wounded.
The orc closely misses you.
The orc warrior hits you with an orcish short sword.
* * * LOW HITPOINT WARNING * * *
The orc barely misses you.
You barely miss the orc warrior.
The orc warrior is heavily wounded.
The orc wizard gestures wildly while chanting.
The orc wizard blinks!
The orc warrior barely misses you.
The orc hits you with a runed orcish short sword.
* * * LOW HITPOINT WARNING * * *
The orc wizard mumbles some strange words.
The orc wizard blinks!
You thump the orc warrior!
The orc warrior is almost dead.
The orc warrior hits you with an orcish short sword.
* * * LOW HITPOINT WARNING * * *
The orc closely misses you.
The orc warrior hits you with an orcish short sword!
* * * LOW HITPOINT WARNING * * *
The orc hits you with a runed orcish short sword!
* * * LOW HITPOINT WARNING * * *
Drink which item? (? for menu, Esc to quit)
You feel much better. The orc warrior barely misses you.
The orc wizard gestures wildly while chanting.
The orc wizard blinks!
The orc hits you but does no damage.
Unknown command.
You barely miss the orc warrior.
The orc warrior is almost dead.
Your skin is crawling a little less now.
The orc warrior hits you with an orcish short sword!
* * * LOW HITPOINT WARNING * * *
The orc hits you with a runed orcish short sword.
* * * LOW HITPOINT WARNING * * *
The orc warrior hits you but does no damage.
Unknown command.
Unknown command.
You barely miss the orc warrior.
The orc warrior is almost dead.
The orc closely misses you. The orc warrior barely misses you.
The orc hits you with a runed orcish short sword.
* * * LOW HITPOINT WARNING * * *
You closely miss the orc warrior.
The orc warrior is almost dead.
The orc warrior hits you with an orcish short sword!
* * * LOW HITPOINT WARNING * * *
The orc barely misses you.
The orc warrior hits you with an orcish short sword!
You die...

Action                   |  1- 3 |  4- 6 |  7- 9 | 10-12 || total
-------------------------+-------+-------+-------+-------++-------
Melee: Mace              |    65 |    80 |    29 |       ||   174
       Giant club        |       |       |   135 |   146 ||   281
Invok: Berserk           |     2 |     3 |     5 |     5 ||    15
       Trog's Hand       |       |     1 |     6 |     4 ||    11
Evoke: Wand              |     1 |       |       |       ||     1
  Use: Scroll            |     3 |       |     1 |    22 ||    26
       Potion            |       |       |       |     1 ||     1

Vault maps used:
D:1:      ldierk_walled_garden
D:2:      minmay_item_behind_shaft, uniq_jessica, uniq_iyjb
D:3:      nemelex_diamond_rough_becter
D:4:      lemuel_coloured_pillars_altar, first_bread, evilmike_ruin_ashenzari
D:5:      minmay_temple_entry_glass, bloody_trog
D:7:      basic_altar
D:8:      lemuel_crystal_altar, lemuel_crystal_altar, david_orc_4, uniq_grum,
          uniq_eustachio, uniq_maurice, uniq_psyche
D:9:      serial_shops, shop_fountains
D:10:     cheibriados_altar_1, uniq_fannar, uniq_erolcha, uniq_joseph
Temple:   triangle_lava_temple_12

Notes
Turn   | Place    | Note
--------------------------------------------------------------
     0 | D:1      | Bloax, the Ogre Berserker, began the quest for the Orb.
     0 | D:1      | Reached XP level 1. HP: 23/23 MP: 0/0
    91 | D:2      | Reached XP level 2. HP: 32/32 MP: 1/1
   251 | D:3      | Reached XP level 3. HP: 35/39 MP: 2/2
   306 | D:3      | Found a sparkling altar of Nemelex Xobeh.
   317 | D:3      | Reached skill level 5 in Maces & Flails
   429 | D:3      | Acquired Trog's second power
   429 | D:3      | Reached skill level 5 in Fighting
   429 | D:3      | Reached XP level 4. HP: 48/48 MP: 3/3
   606 | D:4      | Reached skill level 6 in Maces & Flails
   622 | D:4      | Found a shattered altar of Ashenzari.
   750 | D:4      | Found a glowing silver altar of Zin.
   781 | D:4      | Noticed a phantom
   811 | D:4      | Killed a phantom
   811 | D:4      | Reached skill level 6 in Fighting
   811 | D:4      | Reached XP level 5. HP: 32/55 MP: 4/4
   843 | D:5      | Entered Level 5 of the Dungeon
   918 | D:5      | Noticed a centaur
   928 | D:5      | Killed a centaur
   928 | D:5      | Reached skill level 7 in Maces & Flails
   928 | D:5      | Reached XP level 6. HP: 66/66 MP: 5/5
  1011 | D:5      | Noticed an ogre
  1022 | D:5      | Killed an ogre
  1022 | D:5      | Reached skill level 7 in Fighting
  1072 | D:5      | Noticed a phantom
  1091 | D:5      | Killed a phantom
  1091 | D:5      | Reached skill level 8 in Maces & Flails
  1091 | D:5      | Reached XP level 7. HP: 43/74 MP: 6/6
  1139 | D:5      | Found a staircase to the Ecumenical Temple.
  1148 | Temple   | Entered the Ecumenical Temple
  1401 | D:5      | Vidiiot: why do you like Chei so much
  1415 | D:5      | Reached skill level 8 in Fighting
  1482 | D:5      | Found a bloodstained altar of Trog.
  1493 | D:5      | Bloax: superdamage
  1510 | D:5      | statueform get
  1537 | D:6      | Vidiiot: I'm really unfamiliar with Chei.
  1565 | D:6      | Noticed a hill giant
  1568 | D:6      | Vidiiot: I've cleared Zot with him a few times
  1571 | D:6      | Killed a hill giant
  1571 | D:6      | Reached skill level 9 in Fighting
  1571 | D:6      | Reached skill level 9 in Maces & Flails
  1571 | D:6      | Reached XP level 8. HP: 62/85 MP: 7/7
  1575 | D:6      | Vidiiot: But I find it too difficult to play
  1607 | D:6      | Reached skill level 10 in Maces & Flails
  1710 | D:6      | Reached skill level 10 in Fighting
  2186 | D:7      | Found an iron altar of Okawaru.
  2196 | D:7      | HP: 20/87 [hippogriff (8)]
  2289 | D:7      | yeee
  2363 | D:7      | Reached skill level 11 in Fighting
  2363 | D:7      | Reached skill level 11 in Maces & Flails
  2363 | D:7      | Reached XP level 9. HP: 85/96 MP: 8/8
  2581 | D:8      | Noticed Eustachio
  2581 | D:8      | Noticed Maurice
  2591 | D:8      | Killed Eustachio
  2592 | D:8      | Ladykiller69: dex not levelling since youöö get statue form?
  2592 | D:8      | Killed Maurice
  2618 | D:8      | Identified a +2 cloak of preservation (You took it off Maurice on level 8 of the Dungeon)
  2647 | D:8      | Bloax: yes
  2651 | D:8      | Bloax: though it's mostly due to str base damage bonus on big clubbies
  2668 | D:8      | Found a basalt altar of Yredelemnul.
  2692 | D:8      | Reached skill level 12 in Maces & Flails
  2817 | D:8      | Found a shimmering altar of Xom.
  2823 | D:8      | Reached skill level 12 in Fighting
  2834 | D:8      | Noticed Grum
  2844 | D:8      | HP: 24/97 [poisoned by an adder]
  2880 | D:8      | Killed Grum
  3102 | D:8      | Noticed Psyche
  3111 | D:8      | Reached XP level 10. HP: 109/109 MP: 9/9
  3121 | D:8      | Killed Psyche
  3121 | D:8      | Reached skill level 13 in Fighting
  3121 | D:8      | Reached skill level 13 in Maces & Flails
  3371 | D:8      | HP: 24/109 [orc/orcish halberd (6)]
  3396 | D:8      | Ladykiller69: they look a lot more impressive on ogres
  3398 | D:8      | Ladykiller69: the enemy ogres that is
  3431 | D:8      | Acquired Trog's third power
  3451 | D:8      | Found a staircase to the Orcish Mines.
  3985 | D:9      | Found Bivooj's Assorted Antiques.
  3994 | D:9      | Bought a scroll labeled XOETEMMECU for 28 gold pieces
  3994 | D:9      | Bought a scroll labeled SMEV REULOMEC for 28 gold pieces
  3994 | D:9      | Bought a scroll labeled XOETEMMECU for 28 gold pieces
  3994 | D:9      | Bought a scroll labeled SMEV REULOMEC for 28 gold pieces
  3994 | D:9      | Bought a white potion for 25 gold pieces
  4040 | D:10     | Entered Level 10 of the Dungeon
  4098 | D:10     | Found a snail-covered altar of Cheibriados.
  4107 | D:10     | Noticed a hill giant
  4112 | D:10     | Killed a hill giant
  4112 | D:10     | Reached skill level 14 in Fighting
  4112 | D:10     | Reached skill level 14 in Maces & Flails
  4313 | D:10     | Noticed Joseph
  4321 | D:10     | Killed Joseph
  4372 | D:10     | Noticed Erolcha
  4387 | D:10     | Killed Erolcha
  4398 | D:10     | HP: 13/111 [orc warrior/orcish short sword (18)]
  4398 | D:10     | HP: 6/111 [orc/runed orcish short sword (7)]
  4402 | D:10     | Slain by an orc warrior

Vanquished Creatures
  Erolcha (D:10)
  2 hill giants
  Joseph (D:10)
  Maurice (D:8)
  Psyche (D:8)
  A troll (D:10)
  Eustachio (D:8)
  Grum (D:8)
  A hungry ghost (D:10)
  A hippogriff (D:7)
  2 wolves (D:8)
  A manticore (D:8)
  A necrophage (D:8)
  5 orc warriors
  An ice beast (D:9)
  An ogre (D:5)
  2 phantoms
  5 centaurs
  2 giant frogs
  4 crimson imps
  A centaur zombie (D:6)
  A giant frog zombie (D:6)
  3 goliath beetles
  2 jellies
  8 orc priests
  7 worker ants
  4 hounds
  4 orc wizards
  2 scorpions
  2 iguanas
  7 adders
  A giant mite (D:9)
  6 worms
  A giant eyeball (D:8)
  A giant gecko (D:4)
  An ooze (D:3)
  24 orcs
  A bat skeleton (D:5)
  8 hobgoblins
  3 jackals (D:3)
  4 quokkas
  5 bats
  2 giant newts
  5 goblins
  3 kobolds
  An orc skeleton (D:7)
  2 orc zombies
  6 rats
  A rat skeleton (D:6)
  A rat zombie (D:7)
  2 ballistomycetes (D:6)
154 creatures vanquished.

Vanquished Creatures (others)
  A giant spore (D:6)
1 creature vanquished.

Grand Total: 155 creatures vanquished
